 Dungeon Crawl Stone Soup version 0.19.1-1-g22dce08 (webtiles) character file.

27980 Naksu the Blocker (level 13, -7/99 HPs)
             Began as a Demonspawn Berserker on Jan 19, 2017.
             Was an Elder of Trog.
             Killed by the air
             ... invoked by a blizzard demon
             ... summoned by Asterion
              (10 damage)
             ... on level 1 of the Spider Nest on Jan 20, 2017.
             The game lasted 01:25:53 (11216 turns).

Naksu the Blocker (Demonspawn Berserker)           Turns: 11216, Time: 01:25:53

Health: -7/99      AC: 22    Str: 28    XL:     13   Next: 7%
Magic:  0/13       EV: 12    Int:  5    God:    Trog [****..]
Gold:   1229       SH:  0    Dex: 14    Spells: 0 memorised, 12 levels left

rFire  + . .     SeeInvis +     B - +3 hand axe (flame)
rCold  + + +     Gourm    .     f - +2 ice dragon scales
rNeg   . . .     Faith    +     e - +0 large shield
rPois  +         Spirit   +     (helmet restricted)
rElec  +         Reflect  .     G - +2 cloak {rPois}
rCorr  +         Harm     .     s - +2 pair of gloves of Pantheism {Str+3 Int-3 Slay+2 SInv}
MR     ++...                    k - +1 pair of boots
Stlth  ..........               C - amulet of faith
                                w - +2 ring of evasion
                                h - +3 ring of strength

@: confused, resistant, flying, very slightly contaminated, regenerating,
hasted, drained, very quick
A: antennae 1, claws 1, hooves 2, blurry vision 1, fire resistance 1, powered by
pain 2, magic shield, magic regeneration, magic link
a: Berserk, Trog's Hand, Brothers in Arms, Burn Spellbooks, Renounce Religion


You were on level 1 of the Spider Nest.
You worshipped Trog.
Trog was greatly pleased with you.
You were full.

You visited 3 branches of the dungeon, and saw 15 of its levels.
You also visited: Ice Cave.

You collected 1390 gold pieces.
You spent 161 gold pieces at shops.

Inventory:

Hand Weapons
 B - a +3 hand axe of flaming (weapon)
Missiles
 p - 5 poisoned javelins (quivered)
 I - 9 silver javelins
 N - a poisoned tomahawk
 P - 2 tomahawks
Armour
 e - a +0 large shield (worn)
 f - +2 ice dragon scales (worn)
 k - a +1 pair of boots (worn)
 s - the +2 pair of gloves of Pantheism (worn) {Str+3 Int-3 Slay+2 SInv}
   (You found it on level 4 of the Dungeon)

   It affects your strength (+3).
   It affects your intelligence (-3).
   It affects your accuracy and damage with ranged weapons and melee attacks
   (+2).
   It lets you see invisible.
 G - a +2 cloak of poison resistance (worn)
 Q - the +1 ring mail of the Salmon {MR++ Str+4 Dex-5}
   (You found it on level 10 of the Dungeon)

   It affects your strength (+4).
   It affects your dexterity (-5).
   It affects your resistance to hostile enchantments.
Jewellery
 h - a +3 ring of strength (left hand)
 n - an uncursed ring of see invisible {unknown}
 w - a +2 ring of evasion (right hand)
 A - an uncursed ring of magical power
 C - an amulet of faith (around neck)
 L - a cursed ring of loudness {unknown}
 M - an uncursed ring of ice
 S - an uncursed ring of stealth
Wands
 x - a wand of flame (48/48)
 y - a wand of digging (10/24)
 E - a wand of paralysis (3/24)
 T - a wand of disintegration (24/24)
 X - a wand of lightning (9/15)
Scrolls
 i - a scroll of recharging
 m - 6 scrolls of teleportation
 v - 3 scrolls of immolation
 z - 2 scrolls of fear
 J - a scroll of magic mapping
 K - a scroll of blinking
Potions
 b - a potion of lignification
 g - a potion of haste
 l - a potion of curing
 q - a potion of might {unknown}
 t - a potion of cancellation {unknown}
 F - a potion of berserk rage
 H - a potion of agility {unknown}
 O - a potion of heal wounds
 R - a potion of ambrosia {unknown}
 V - a potion of flight
Miscellaneous
 d - a phial of floods
 Z - a disc of storms
Comestibles
 c - 10 bread rations
 u - a meat ration
 Y - 10 royal jellies


   Skills:
 + Level 8.3(7.9) Fighting
   Level 4.0(3.7) Short Blades
 + Level 11.7(11.4) Axes
 + Level 2.6(2.3) Throwing
 + Level 6.8(6.4) Armour
 + Level 4.7(4.4) Dodging
 + Level 1.5(1.2) Stealth
 + Level 12.0(11.6) Shields
 + Level 0.4(0.1) Evocations


You had 12 spell levels left.
You didn't know any spells.

Dungeon Overview and Level Annotations

Branches:
Dungeon (11/15)            Temple (0/1) D:7            Lair (3/6) D:11
 Spider (1/4) Lair:3          Orc (0/2) D:10
  Swamp: Lair:2-4    Shoals: Lair:2-4

Altars:
Makhleb
Zin

Shops:
D:5 (   D:7 !

Annotations:
Spider:1 Asterion


Innate Abilities, Weirdness & Mutations

You have a pair of small antennae on your head.
You have sharp fingernails.
You have hoof-like feet.
You sometimes gain power by taking damage.
When hurt, damage is shared between your health and your magic reserves.
You regenerate magic rapidly.
When low on magic, you restore magic in place of health.
Scrolls take you a little longer to read.
Your flesh is heat resistant. (rF+)


Message History

Evoke which item? (* to show all) (? for menu, Esc to quit)
Aiming: Phantom Mirror
Press: ? - help, Dir - move target cursor, f - Asterion
Aim: Asterion, wielding a demon whip of draining, wearing a ring mail and wearing a shield (lightly wounded, fast)
You reflect Asterion with the mirror, and the mirror shatters!
The jumping spider pounces on you but does no damage.
The jumping spider bites you but does no damage.
The wolf spider hits you. The wolf spider closely misses you.
Asterion prays to Makhleb.
The jumping spider pounces on Asterion.
Asterion blocks the jumping spider's attack.
The tarantella bites you but does no damage.
Asterion barely misses you. Asterion gores you!
* * * LOW HITPOINT WARNING * * *
The jumping spider leaps!
The wolf spider hits you but does no damage.
The wolf spider barely misses you.
The blizzard demon waves its arms in wide circles.
The air twists around and violently strikes you in flight!
You die...

..... ....####
#.s.(..#
#.....§.
##......
##...§§.#
#.(..^ss#
###Hs@#
##2.sHs# #
##...ss2### #..
#......ss.#....
##..<.^........
##...#$..§....
#...##........
##.##.........
## #...##.#..


You could see Asterion, a blizzard demon, 2 wolf spiders, an orb spider, 6
jumping spiders, a tarantella, the friendly Asterion and a friendly balrug.

Vanquished Creatures
  A very ugly thing (D:10)
  Erica (D:8)
  A hill giant (D:10)
  2 wizards (D:10)
  Pikel (D:6)
  2 ugly things (D:10)
  Maurice (D:10)
  A black mamba (Lair:1)
  2 ice statues (IceCv)
  Joseph (D:7)
  3 spiny frogs
  A gargoyle (D:10)
  A centaur skeleton (D:10)
  4 kobold demonologists (D:11)
  The ghost of alp the Shield-Bearer, a novice GrFi (D:5)
  2 rime drakes (IceCv)
  An efreet (D:11)
  3 komodo dragons
  2 trolls
  Prince Ribbit (D:6)
  Grinder (D:4)
  9 blink frogs (Lair:1)
  A hornet (D:10)
  2 hippogriffs (Lair:2)
  A wyvern (D:11)
  10 yaks
  2 vampire mosquitoes (D:10)
  A steam dragon (D:11)
  2 hungry ghosts
  7 water moccasins
  A mottled dragon (D:11)
  3 black bears
  The ghost of Lahna the Cudgeler, an amateur MiMo of Elyvilon (D:3)
  4 sky beasts
  22 ice beasts
  6 orc warriors
  A phantom (D:11)
  5 centaurs
  7 crocodiles
  10 ogres
  2 big kobolds (D:11)
  13 bullfrogs
  3 scorpions
  A wyvern skeleton (D:6)
  9 killer bees (D:7)
  22 wights
  3 howler monkeys
  8 electric eels
  8 crimson imps
  7 hounds
  4 jellies
  A bullfrog zombie (D:9)
  5 orc priests
  7 orc wizards
  Terence (D:3)
  3 iguanas
  11 worker ants
  A howler monkey skeleton (D:9)
  7 gnolls
  10 adders
  4 river rats (D:11)
  A shadow imp (D:8)
  14 white imps
  7 oozes
  An adder zombie (D:6)
  3 adder skeletons
  3 worms (D:2)
  A dart slug (D:1)
  3 leopard geckos
  37 orcs
  4 giant cockroaches
  2 goblins
  4 hobgoblins
  7 jackals
  4 quokkas
  A ball python zombie (D:5)
  14 bats
  6 frilled lizards
  A jackal zombie (D:6)
  8 kobolds
  A leopard gecko zombie (D:5)
  21 rats
  9 fungi
  12 plants (D:11)
422 creatures vanquished.

Vanquished Creatures (collateral kills)
  2 ice dragons (IceCv)
  The ghost of baghtru the Fighter, a journeyman VSFi of the Shining One (Lair:1)
  4 ugly things (D:10)
7 creatures vanquished.

Vanquished Creatures (others)
  2 orc wizards
  An adder (D:11)
  An orc (D:11)
  3 fungi (D:11)
7 creatures vanquished.

Grand Total: 436 creatures vanquished

Notes
Turn   | Place    | Note
-------+----------+-------------------------------------------
     0 | D:1      | Naksu the Demonspawn Berserker began the quest for the Orb.
     0 | D:1      | Reached XP level 1. HP: 18/18 MP: 1/1
   323 | D:1      | Gained mutation: You sometimes gain a little power by taking damage. [demonic ancestry]
   323 | D:1      | Reached XP level 2. HP: 24/24 MP: 2/2
   413 | D:1      | Reached skill level 1 in Shields
   509 | D:2      | Gained mutation: You have a pair of small antennae on your head. [demonic ancestry]
   509 | D:2      | Reached XP level 3. HP: 27/29 MP: 3/3
   647 | D:2      | Gained mutation: Your flesh is heat resistant. (rF+) [potion of mutation]
   647 | D:2      | Gained mutation: Scrolls take you a little longer to read. [potion of mutation]
   680 | D:2      | Reached ** piety under Trog
   795 | D:2      | Gained mutation: You have large cloven feet. [demonic ancestry]
   795 | D:2      | Reached XP level 4. HP: 34/35 MP: 4/4
  1438 | D:2      | Reached skill level 2 in Shields
  1514 | D:3      | Noticed Terence
  1530 | D:3      | Killed Terence
  1530 | D:3      | Gained mutation: When hurt, damage is shared between your health and your magic reserves. [demonic ancestry]
  1530 | D:3      | Reached XP level 5. HP: 41/41 MP: 5/5
  1561 | D:3      | Noticed Lahna's ghost (amateur MiMo)
  1627 | D:3      | Killed Lahna's ghost
  2004 | D:3      | Found a burning altar of Makhleb.
  2022 | D:3      | Reached skill level 3 in Shields
  2022 | D:3      | Gained mutation: You sometimes gain power by taking damage. [demonic ancestry]
  2022 | D:3      | Reached XP level 6. HP: 46/48 MP: 6/6
  2321 | D:4      | Got a pair of crude gloves
  2327 | D:4      | Identified the +2 pair of gloves of Pantheism {Str+3 Int-3 Slay+2 SInv} (You found it on level 4 of the Dungeon)
  2396 | D:4      | Noticed Grinder
  2417 | D:4      | Paralysed by Grinder for 2 turns
  2420 | D:4      | Killed Grinder
  2420 | D:4      | Reached skill level 1 in Stealth
  2527 | D:4      | Reached XP level 7. HP: 53/53 MP: 7/7
  2671 | D:4      | Reached skill level 4 in Shields
  2871 | D:4      | Reached skill level 5 in Axes
  3029 | D:5      | Entered Level 5 of the Dungeon
  3067 | D:5      | Reached *** piety under Trog
  3232 | D:5      | Noticed alp's ghost (novice GrFi)
  3252 | D:5      | Killed alp's ghost
  3252 | D:5      | Reached XP level 8. HP: 53/60 MP: 6/8
  3425 | D:5      | Reached skill level 5 in Shields
  3479 | D:5      | Found Jucwetoch's Weapon Emporium.
  3512 | D:5      | Bought a +1 hand axe of flaming for 161 gold pieces
  4048 | D:6      | Noticed Prince Ribbit
  4096 | D:6      | Killed Prince Ribbit
  4261 | D:6      | Reached skill level 1 in Throwing
  4334 | D:6      | Received a gift from Trog
  4468 | D:6      | Reached skill level 6 in Shields
  4468 | D:6      | Gained mutation: You have sharp fingernails. [demonic ancestry]
  4468 | D:6      | Reached XP level 9. HP: 67/67 MP: 9/9
  4539 | D:6      | Noticed Pikel
  4583 | D:6      | Killed Pikel
  4583 | D:6      | Reached skill level 5 in Fighting
  4803 | D:7      | Received a gift from Trog
  4803 | D:7      | Reached skill level 5 in Armour
  4906 | D:7      | Reached skill level 7 in Shields
  5039 | D:7      | Found Yghuyl's Distillery.
  5045 | D:7      | Found a staircase to the Ecumenical Temple.
  5046 | D:7      | Noticed Joseph
  5073 | D:7      | Killed Joseph
  5106 | D:7      | Identified the Disquisition on the Cloudy Voyage
  5248 | D:7      | Reached **** piety under Trog
  5248 | D:7      | Reached XP level 10. HP: 74/74 MP: 10/10
  5368 | D:7      | Received a gift from Trog
  5569 | D:7      | Reached skill level 8 in Shields
  5771 | D:8      | Got a jewelled mace
  5772 | D:8      | Identified the +1 mace of Forgiveness {chaos, rN+} (You found it on level 8 of the Dungeon)
  5785 | D:8      | Noticed Erica
  5800 | D:8      | Killed Erica
  5800 | D:8      | Reached skill level 1 in Short Blades
  6115 | D:8      | Received a gift from Trog
  6471 | D:8      | Reached ***** piety under Trog
  6742 | D:9      | Reached skill level 9 in Shields
  6939 | D:9      | Gained mutation: You regenerate magic rapidly. [demonic ancestry]
  6939 | D:9      | Reached XP level 11. HP: 68/81 MP: 11/11
  7217 | D:10     | Entered Level 10 of the Dungeon
  7231 | D:10     | Got a dazzling ring mail
  7247 | D:10     | Identified the cursed +1 ring mail of the Salmon {MR++ Str+4 Dex-5} (You found it on level 10 of the Dungeon)
  7269 | D:10     | Paralysed by a hornet for 1 turns
  7309 | D:10     | Noticed Maurice
  7336 | D:10     | Killed Maurice
  7399 | D:10     | Noticed a cyan ugly thing
  7399 | D:10     | Noticed a green ugly thing
  7401 | D:10     | Noticed a brown ugly thing
  7410 | D:10     | Killed a purple ugly thing
  7413 | D:10     | Noticed a brown ugly thing
  7413 | D:10     | Killed a brown ugly thing
  7413 | D:10     | Received a gift from Trog
  7416 | D:10     | Killed a cyan ugly thing
  7422 | D:10     | Killed a brown ugly thing
  7433 | D:10     | Noticed a green ugly thing
  7446 | D:10     | Killed a green ugly thing
  7477 | D:10     | Noticed a purple ugly thing
  7496 | D:10     | Noticed a wizard
  7511 | D:10     | Killed a purple ugly thing
  7512 | D:10     | Killed a wizard
  7573 | D:10     | Noticed a red very ugly thing
  7601 | D:10     | Noticed a wizard
  7621 | D:10     | Killed a red very ugly thing
  7621 | D:10     | Reached skill level 10 in Shields
  7624 | D:10     | Killed a wizard
  7777 | D:10     | Reached skill level 10 in Axes
  7818 | D:10     | Received a gift from Trog
  7893 | D:10     | Found a staircase to the Orcish Mines.
  8054 | D:10     | Noticed a hill giant
  8066 | D:10     | Killed a hill giant
  8378 | D:11     | Gained mutation: When low on magic, you restore magic in place of health. [demonic ancestry]
  8378 | D:11     | Reached XP level 12. HP: 69/91 MP: 10/12
  8427 | D:11     | Received a gift from Trog
  8525 | D:11     | Found a staircase to the Lair.
  8748 | D:11     | Found a glowing silver altar of Zin.
  8853 | D:11     | Reached skill level 11 in Shields
  9122 | Lair:1   | Entered Level 1 of the Lair of Beasts
  9274 | Lair:1   | Found a frozen archway.
  9284 | Lair:1   | Reached ****** piety under Trog
  9416 | Lair:1   | Noticed baghtru's ghost (journeyman VSFi)
  9431 | Lair:1   | Killed baghtru's ghost
  9452 | IceCv    | Entered an ice cave
  9481 | IceCv    | Received a gift from Trog
  9717 | IceCv    | Noticed an ice dragon
  9718 | IceCv    | Noticed an ice dragon
  9745 | IceCv    | Killed an ice dragon
  9749 | IceCv    | Killed an ice dragon
 10055 | Lair:1   | Got an encrusted long sword
 10059 | Lair:1   | Identified the cursed +0 long sword "Fehookh" {slice, Int+2} (You found it on level 1 of the Lair of Beasts)
 10361 | Lair:1   | Reached skill level 12 in Shields
 10367 | Lair:1   | Gained mutation: You have hoof-like feet. [demonic ancestry]
 10367 | Lair:1   | Reached XP level 13. HP: 96/98 MP: 13/13
 11176 | Lair:3   | Found a hole to the Spider Nest.
 11190 | Spider:1 | Entered Level 1 of the Spider Nest
 11193 | Spider:1 | Noticed Asterion
 11212 | Spider:1 | Noticed a blizzard demon
 11216 | Spider:1 | HP: 3/99 [Asterion/demon whip of draining (7)]
 11216 | Spider:1 | Killed from afar by a blizzard demon

Skill      XL: |  1  2  3  4  5  6  7  8  9 10 11 12 |
---------------+-------------------------------------+-----
Armour         | 2 3 4 5 6 |  6.8
Shields        | 1 2 3 4 6 7 9 10 12 | 12.0
Axes           | 3 4 5 6 8 10 11 | 11.7
Dodging        | 2 3 4 |  4.7
Stealth        | 1 |  1.5
Fighting       | 4 5 6 7 8 |  8.3
Throwing       | 1 2 |  2.6
Short Blades   | 3 4 |  4.0
Evocations     | |  0.4

Action                   |  1- 3 |  4- 6 |  7- 9 | 10-12 | 13-15 || total
-------------------------+-------+-------+-------+-------+-------++-------
Melee: Hand axe          |   151 |   224 |   464 |   835 |    68 ||  1742
       Kick              |       |    14 |       |       |       ||    14
       Short sword       |       |       |       |   237 |       ||   237
Throw: Tomahawk          |       |     3 |    14 |     5 |       ||    22
       Javelin           |       |       |     8 |     7 |       ||    15
Invok: Berserk           |       |     2 |     5 |     8 |       ||    15
       Trog's Hand       |       |     1 |     3 |    10 |     1 ||    15
       Burn Spellbooks   |       |       |     2 |     4 |       ||     6
       Brothers in Arms  |       |       |       |     3 |       ||     3
Evoke: Wand              |       |       |     1 |       |       ||     1
       Phantom mirror    |       |       |       |       |     1 ||     1
  Use: Scroll            |     4 |     5 |     8 |    12 |     5 ||    34
       Potion            |     4 |     3 |     2 |     7 |     3 ||    19
 Stab: Invisible         |     5 |       |       |       |       ||     5
  Eat: Meat ration       |       |     2 |       |     2 |     1 ||     5
       Pizza             |       |     1 |     1 |       |       ||     2
       Fruit             |       |       |     4 |     1 |       ||     5
       Bread ration      |       |       |     2 |     4 |       ||     6
       Chunk             |       |       |     1 |     2 |       ||     3
       Royal jelly       |       |       |       |     2 |       ||     2
       Beef jerky        |       |       |       |     1 |       ||     1
Armor: Chain mail        |   107 |   101 |    56 |       |       ||   264
       Animal skin       |     6 |       |       |       |       ||     6
       Skin              |       |     2 |       |       |       ||     2
       Plate armour      |       |       |   148 |   115 |       ||   263
       Ring mail         |       |       |       |   126 |       ||   126
       Ice dragon scales |       |       |       |     4 |    50 ||    54
Dodge: Dodged            |    23 |    21 |    66 |   205 |    46 ||   361
Block: Large shield      |   130 |   156 |   435 |   845 |    72 ||  1638
